 Dungeon Crawl Stone Soup version 0.21-a0-584-g185da8e (webtiles) character file.

3705 sithsevirus the Basher (level 10, -4/64 HPs)
             Began as a Gargoyle Fighter on Dec 21, 2017.
             Was a Follower of Okawaru.
             Slain by a two-headed ogre
             ... wielding a +0 giant spiked club
              (13 damage)
             ... on level 7 of the Dungeon.
             The game lasted 00:33:06 (7319 turns).

sithsevirus the Basher (Gargoyle Fighter)           Turns: 7319, Time: 00:33:06

Health: -4/64      AC: 29    Str: 26    XL:     10   Next: 14%
Magic:  19/19      EV:  7    Int: 10    God:    Okawaru [*.....]
Gold:   389        SH:  4    Dex: 10    Spells: 9/9 levels left

rFire    . . .     SeeInvis .   a - +0 flail (protect)
rCold    + . .     Gourm    .   (no shield)
rNeg     + . .     Faith    .   y - +0 plate armour
rPois    ∞         Spirit   .   (no helmet)
rElec    +         Reflect  +   (no cloak)
rCorr    .         Harm     .   t - +0 pair of gloves
MR       .....                  (no boots)
Stlth    ..........             G - +4 amulet of reflection
HPRegen  0.20/turn              g - ring of magical power
MPRegen  0.16/turn              O - ring of protection from cold

@: mighty, protection aura
A: negative energy resistance 1, electricity resistance, unbreathing,
petrification resistance, rot immunity, AC +7
a: Heroism, Renounce Religion


You were on level 7 of the Dungeon.
You worshipped Okawaru.
Okawaru was aware of your devotion.
You were hungry.

You visited 2 branches of the dungeon, and saw 8 of its levels.

You collected 389 gold pieces.

Inventory:

Hand Weapons
 a - a +0 flail of protection (weapon)
 b - a +4 blowgun
 P - a +3 dire flail
 R - a +2 mace of protection
Missiles
 o - 64 poisoned needles
 u - 260 stones (quivered)
 z - a throwing net
 E - 52 sling bullets
Armour
 c - a +0 shield
 t - a +0 pair of gloves (worn)
 y - a +0 plate armour (worn)
 L - the +2 shield of Complete Protection {rPois Dex+5}
   (You found it on level 6 of the Dungeon)

   It affects your dexterity (+5).
   It protects you from poison.
Magical Staves
 F - an uncursed staff of summoning
Jewellery
 g - a ring of magical power (left hand)
 D - an uncursed ring of flight
 G - a +4 amulet of reflection (around neck)
 K - an uncursed ring of resist corrosion
 O - a ring of protection from cold (right hand)
Wands
 A - a wand of enslavement (12)
 B - a wand of iceblast (8)
Scrolls
 i - 7 scrolls of identify
 j - a scroll of fear {unknown}
 k - a scroll of magic mapping
 n - a scroll of fog
 p - a scroll of noise
 r - a scroll of blinking
 s - a scroll of immolation {unknown}
 v - a scroll of teleportation {unknown}
 x - a scroll of random uselessness {unknown}
 I - a scroll of enchant weapon {unknown}
 M - a scroll of remove curse
 Q - 2 scrolls of brand weapon {unknown}
Potions
 e - a potion of flight {unknown}
 h - a potion of mutation {unknown}
 l - a potion of lignification {unknown}
 m - a potion of curing
 q - a potion of degeneration {unknown}
 w - a potion of haste
 C - a potion of brilliance {unknown}
 H - 2 potions of cancellation {unknown}
 J - a potion of heal wounds {unknown}
Comestibles
 f - 19 rations


   Skills:
 + Level 7.8 Fighting
 * Level 9.3 Maces & Flails
 + Level 7.7 Armour
 + Level 7.7 Shields


You had 9 spell levels left.
You didn't know any spells.

Dungeon Overview and Level Annotations

Branches:
Dungeon (7/15)             Temple (1/1) D:7

Altars:
Ashenzari
Cheibriados
Dithmenos
Elyvilon
Gozag
Hepliaklqana
Makhleb
Okawaru
Qazlal
Ru
Trog
Uskayaw
Vehumet
Wu Jian
Xom
Yredelemnul
Zin
The Shining One


Innate Abilities, Weirdness & Mutations

You are resistant to torment.
Your stone body is resilient. (AC +7)
You are immune to poison.
You resist negative energy. (rN+)
You are resistant to electric shocks. (rElec)
You can survive without breathing.
You are immune to petrification.
You are immune to rotting.


Message History

The two-headed ogre is lightly wounded.
You barely miss the two-headed ogre.
The two-headed ogre is lightly wounded.
The two-headed ogre hits you with a giant spiked club.
The two-headed ogre hits you but does no damage.
You hit the two-headed ogre.
The two-headed ogre is lightly wounded.
The two-headed ogre hits you but does no damage.
The two-headed ogre hits you with a giant club.
You feel very mighty all of a sudden.
The two-headed ogre hits you with a giant spiked club!
* * * LOW HITPOINT WARNING * * *
The two-headed ogre hits you with a giant club.
* * * LOW HITPOINT WARNING * * *
You thump the two-headed ogre!
The two-headed ogre is moderately wounded.
You bludgeon the two-headed ogre!!
The two-headed ogre is severely wounded.
The two-headed ogre hits you with a giant spiked club!
You die...

#.......#.....#
####.......##...##
#....)......#####.
#.###..#.....####.
#.# #..#......##..
#.# #..##....###..
#.# #...#...#####.
#O# #...#..###..##
#@# #...#.###.....
#.###.....##......
#.##......##......
##)##)...###.......
#..))[...# #.......
#...#...## #....##)
##.#.#...# ##..###..
##.#..##.####........
#.###.##(............


You could see a two-headed ogre.

Vanquished Creatures
  A manticore (D:6)
  A spriggan (D:7)
  Sigmund (D:6)
  3 yaks (D:7)
  A phantom (D:6)
  6 ogres
  A centaur (D:6)
  A bullfrog (D:6)
  6 howler monkeys
  3 wights (D:7)
  5 crimson imps
  A centaur zombie (D:7)
  2 hounds
  A jelly (D:7)
  An orc priest (D:3)
  2 bullfrog zombies (D:5)
  5 gnoll shamans (D:4)
  A bullfrog skeleton (D:5)
  A centaur skeleton (D:6)
  Ijyb (D:5)
  An iguana (D:6)
  10 orc wizards
  3 worker ants
  31 gnolls
  6 adders
  2 adder skeletons
  A worm (D:6)
  A dart slug (D:2)
  5 leopard geckos
  10 orcs
  A ball python (D:3)
  A giant cockroach (D:2)
  4 goblins
  5 hobgoblins
  24 jackals
  3 quokkas
  2 bats
  3 frilled lizards
  6 kobolds
  3 rats
  A plant (D:4)
167 creatures vanquished.

Vanquished Creatures (others)
  A centaur (D:6)
1 creature vanquished.

Grand Total: 168 creatures vanquished

Notes
Turn   | Place    | Note
-------+----------+-------------------------------------------
     0 | D:1      | sithsevirus the Gargoyle Fighter began the quest for the Orb.
     0 | D:1      | Reached XP level 1. HP: 14/14 MP: 1/1
   183 | D:1      | Reached XP level 2. HP: 17/19 MP: 2/2
   796 | D:2      | Reached XP level 3. HP: 19/23 MP: 3/3
   824 | D:2      | Reached skill level 3 in Maces & Flails
   835 | D:2      | Reached XP level 4. HP: 21/29 MP: 4/4
  1781 | D:3      | Found a burning altar of Makhleb.
  1788 | D:3      | Reached XP level 5. HP: 33/33 MP: 5/5
  2446 | D:4      | Reached skill level 4 in Maces & Flails
  2500 | D:4      | Reached XP level 6. HP: 38/38 MP: 6/6
  2533 | D:4      | Found a white marble altar of Elyvilon.
  3033 | D:4      | Reached XP level 7. HP: 39/44 MP: 7/7
  3147 | D:4      | Reached skill level 5 in Maces & Flails
  3161 | D:4      | Reached skill level 5 in Fighting
  3188 | D:4      | Reached skill level 5 in Armour
  3266 | D:4      | Reached skill level 5 in Shields
  4232 | D:5      | Entered Level 5 of the Dungeon
  4258 | D:4      | Reached XP level 8. HP: 27/50 MP: 8/8
  4437 | D:5      | Reached skill level 6 in Maces & Flails
  4442 | D:5      | Noticed Ijyb
  4461 | D:5      | Killed Ijyb
  5038 | D:6      | Noticed Sigmund
  5071 | D:6      | Killed Sigmund
  5071 | D:6      | Reached skill level 7 in Maces & Flails
  5154 | D:6      | Got a slimy shield
  5165 | D:6      | Identified the +2 shield of Complete Protection {rPois Dex+5} (You found it on level 6 of the Dungeon)
  5178 | D:6      | Noticed a manticore
  5194 | D:6      | Killed a manticore
  5194 | D:6      | Reached XP level 9. HP: 8/56 MP: 9/9
  5957 | D:6      | Reached skill level 8 in Maces & Flails
  6125 | D:7      | Found a staircase to the Ecumenical Temple.
  6153 | Temple   | Entered the Ecumenical Temple
  6248 | Temple   | Became a worshipper of Warmaster Okawaru
  6723 | D:7      | Reached * piety under Okawaru
  6743 | D:7      | Reached skill level 9 in Maces & Flails
  6743 | D:7      | Reached XP level 10. HP: 24/63 MP: 10/10
  7191 | D:7      | Noticed a two-headed ogre
  7319 | D:7      | Slain by a two-headed ogre

Vault maps used:
D:1:      saegor_arrival_simple_c, minmay_splitting_lines
D:3:      makhleb_heckhound_becter
D:4:      lemuel_castle_with_subvaults, elyvilon_altar_1, first_ration
D:5:      uniq_ijyb
D:6:      lemuel_upstairs_altar, grunt_tough_drop, uniq_sigmund
D:7:      minmay_flawed_box, minmay_temple_entry_glassed_door, serial_shops,
          nicolae_shop_behind_doors, the_bakery
Temple:   minmay_crystal_spiral_temple

Skill      XL: |  1  2  3  4  5  6  7  8  9 |
---------------+----------------------------+-----
Maces & Flails | 3 4 5 7 9 |  9.3
Fighting       | 4 5 6 7 |  7.8
Armour         | 4 5 6 7 |  7.7
Shields        | 4 5 6 7 |  7.7

Action                   |  1- 3 |  4- 6 |  7- 9 | 10-12 || total
-------------------------+-------+-------+-------+-------++-------
Melee: Flail             |    88 |       |   397 |     7 ||   492
       Whip              |       |   156 |   138 |       ||   294
       Dire flail        |       |       |    42 |    30 ||    72
 Fire: Blowgun           |       |    30 |     2 |       ||    32
Throw: Stone             |    26 |    19 |    27 |       ||    72
  Use: Potion            |       |     1 |     4 |     1 ||     6
       Scroll            |       |       |     6 |       ||     6
  Eat: Chunk             |       |     7 |    12 |     2 ||    21
Armor: Scale mail        |     9 |       |       |       ||     9
       Chain mail        |    38 |    27 |       |       ||    65
       Plate armour      |       |    49 |   369 |    18 ||   436
Dodge: Dodged            |    16 |    12 |   100 |     4 ||   132
Block: Shield            |    50 |    63 |   341 |       ||   454
       Reflection        |       |       |     8 |       ||     8
       Other             |       |       |     6 |     6 ||    12

Table legend:
 A = Spawn XP
 B = Non-spawn XP
 C = Spawn XP percentage of total XP
 D = Spawn monster count
 E = Non-spawn monster count
 F = Spawn count percentage of total count
 G = Total turns spent on level
                    A         B        C        D         E        F      G
               +---------+---------+-------+---------+---------+-------+---------
         Total |       0 |    5293 |   0.0 |       0 |     167 |   0.0 |  7319
               +---------+---------+-------+---------+---------+-------+---------
           D:1 |       0 |      15 |   0.0 |       0 |      10 |   0.0 |   597
           D:2 |       0 |      88 |   0.0 |       0 |      14 |   0.0 |  1037
           D:3 |       0 |     165 |   0.0 |       0 |      18 |   0.0 |   737
           D:4 |       0 |    1003 |   0.0 |       0 |      63 |   0.0 |  2022
           D:5 |       0 |     300 |   0.0 |       0 |      11 |   0.0 |   546
           D:6 |       0 |    1779 |   0.0 |       0 |      19 |   0.0 |  1162
           D:7 |       0 |    1943 |   0.0 |       0 |      32 |   0.0 |  1046
               +---------+---------+-------+---------+---------+-------+---------
